 Dungeon Crawl Stone Soup version 0.32-a0-872-g59262bd (webtiles) character file.

Game seed: 4680633038054183868

154 Taxman1966 the Magician (level 5, -2/39 HPs)
             Began as a Djinni Fire Elementalist on Mar 30, 2024.
             Slain by an adder (3 damage)
             ... on level 3 of the Dungeon.
             The game lasted 00:07:15 (2551 turns).

Taxman1966 the Magician (Djinni Fire Elementalist)  Turns: 2551, Time: 00:07:16

Health: -2/39      AC:  2    Str:  4 (7)  XL:     5   Next: 63%
Gold:   117        EV: 11    Int: 15 (18) God:
                   SH:  0    Dex: 13 (14)

rFire   + + .        a - +2 dagger (venom)
rCold   x . .        (no shield)
rNeg    . . .        b - +0 robe
rPois   ∞            (no helmet)
rElec   .            (no cloak)
rCorr   .            (no gloves)
SInv    .            (boots unavailable)
Will    .....        (no amulet)
Stlth   ++           (no ring)
HPRegen 0.26/turn    (no ring)
MPRegen 0.00/turn

%: infuse magic (-3 HP)
@: flying
A: sickness immunity, fire resistance 2, cold vulnerability 1, float, innate
caster, HP casting, extra vitality 1
a: no special abilities


You were on level 3 of the Dungeon.
You visited 1 branch of the dungeon, and saw 3 of its levels.

You collected 117 gold pieces.

Inventory:

Hand Weapons
 a - a +2 dagger of venom (weapon)
 m - a +0 long sword
Armour
 b - a +0 robe (worn)
Wands
 q - a wand of paralysis (11)
Scrolls
 d - a scroll of revelation {unknown}
 e - 3 scrolls of identify {unknown}
 g - 2 scrolls of enchant weapon {unknown}
 i - 3 scrolls of teleportation {unknown}
 j - 2 scrolls of fog {unknown}
 n - a scroll of vulnerability {unknown}
 s - a scroll of fear {unknown}
 u - a scroll of torment {unknown}
Potions
 c - a potion of lignification {unknown}
 f - 2 potions of heal wounds {unknown}
 h - 2 potions of enlightenment {unknown}
 k - a potion of brilliance {unknown}
 l - a potion of degeneration
 o - a potion of mutation {unknown}
 p - a potion of berserk rage {unknown}
 r - a potion of curing {unknown}
 t - a potion of might {unknown}


   Skills:
 + Level 2.5 Fighting
 - Level 2.1 Dodging
 - Level 1.5 Stealth
 * Level 4.5 Spellcasting
 * Level 4.5 Conjurations
 * Level 4.5 Hexes
   Level 0.0 Charms
 * Level 4.5 Summonings
 * Level 4.5 Necromancy
 * Level 4.5 Translocations
   Level 0.0 Transmutations
 * Level 4.5 Fire Magic
 * Level 4.5 Ice Magic
 * Level 4.5 Air Magic
 * Level 4.5 Earth Magic
 * Level 4.5 Alchemy


You knew the following spells:

 Your Spells              Type           Power      Damage    Failure   Level
a - Foxfire               Conj/Fire      64%        2x1d7     2%          1
b - Scorch                Fire           32%        2d6       4%          2
c - Volatile Blastmotes   Fire/Tloc      32%        2d12      9%          3
d - Inner Flame           Hex/Fire       16%        N/A       9%          3
e - Flame Wave            Conj/Fire      16%        2d7       26%         4
l - Slow                  Hex            64%        N/A       2%          1
v - Mercury Vapours       Alch/Air       32%        N/A       4%          2
Your spell library was empty.

Dungeon Overview and Level Annotations

Branches:
Dungeon (3/15)

Altars:

Shops:
D:1 (

Annotations:
D:1 1 transporter


Innate Abilities, Weirdness & Mutations

You are immune to sickness and miasma.
You are immune to poison.
Your flesh is very heat resistant. (rF++)
You are vulnerable to cold. (rC-)
You float through the air rather than walking.
You learn spells naturally, not from books.
Your magical power is your life essence.
You have superior vitality. (+4 MHP)


Message History

The orc priest barely misses you.
You barely miss the orc priest.
The orc priest is almost dead.
The orc priest mumbles some strange prayers to Beogh against you.
Beogh smites you!
* * * LOW HITPOINT WARNING * * *
Unknown command.
Casting: Scorch (safe; 3% risk of failure)
Confirm with . or Enter, or press ? or * to list all spells.
You conjure some foxfire!
* * * LOW HITPOINT WARNING * * *
The orc priest looks braver for a moment.
You hit the orc priest.
The orc priest is almost dead.
The orc priest is no longer more vulnerable to fire.
The foxfire hits the orc priest.
You kill the orc priest!
The foxfire hits the orc.
The orc is almost dead.
The orc closely misses you.
You barely miss the orc.
The orc is almost dead.
The orc hits you with a +0 whip.
* * * LOW HITPOINT WARNING * * *
You barely miss the orc.
The orc is almost dead.
The orc closely misses you.
You closely miss the adder. The adder bites you.
* * * LOW HITPOINT WARNING * * *
The orc hits you with a +0 whip.
* * * LOW HITPOINT WARNING * * *
The adder closely misses you.
Your magical contamination has completely faded away.
You miss the adder. The adder barely misses you. The orc barely misses you.
Unknown command.
It was a potion of degeneration.
There was something very wrong with that liquid.
You feel weakened.
You feel dopey.
You feel clumsy. The adder bites you.
You die...

#.# #.# #.# #.# #
##############.#######..
#.......................
#.......................
#...............@S......
..
#................o....○.
...
#...............>....)..
..
#...................☼°..
.
#....................)..
#
#.......................
#
................##'##...
#
#..............##...##..
#
...........(..##.....##
#


You could see an adder and an orc.

Vanquished Creatures
  2 orc priests (D:3)
  3 adders (D:2)
  7 orcs
  A ball python (D:3)
  5 bats
  5 endoplasms
  6 giant cockroaches
  6 goblins
  6 hobgoblins
  3 jackals (D:2)
  2 quokkas
  2 frilled lizards (D:1)
  3 kobolds
  7 rats
58 creatures vanquished.

Vanquished Creatures (others)
  84 foxfires
84 creatures vanquished.

Grand Total: 142 creatures vanquished

Notes
Turn   | Place    | Note
-------+----------+-------------------------------------------
     0 | D:1      | Taxman1966 the Djinni Fire Elementalist began the quest for
                  | the Orb.
     0 | D:1      | Taxman1966 set off with the following spells memorised:
                  | Foxfire, Scorch, Volatile Blastmotes, Inner Flame, Flame
                  | Wave.
     0 | D:1      | Reached XP level 1. HP: 15/15 MP: 0/0
   110 | D:1      | Found a faded altar of an unknown god.
   126 | D:1      | Reached XP level 2. HP: 21/22 MP: 0/0
   140 | D:1      | Found Cukosm's Weapon Shop.
   376 | D:1      | Reached skill level 1 in Fighting
   535 | D:1      | Reached XP level 3. HP: 21/27 MP: 0/0
   535 | D:1      | Learned a level 1 spell: Slow
  1299 | D:2      | Reached XP level 4. HP: 29/32 MP: 0/0
  2185 | D:3      | Reached XP level 5. HP: 25/38 MP: 0/0
  2185 | D:3      | Learned a level 2 spell: Mercury Vapours
  2256 | D:3      | Identified the +7 whip of Taxation {antimagic, rPois rF-
                  | rC- Str+7}
  2549 | D:3      | HP: 1/39 [orc/+0 whip (5)]
  2551 | D:3      | Slain by an adder

Illustrated notes

Levels and vault maps discovered:
D:1:      spicycebolla_arrival_risky_transporter, layout_basic, serial_shops,
          nicolae_shop_bloodbath_and_beyond,
          hellmonk_ecumenical_altar_heavens_door, grunt_decor_clamped
D:2:      layout_loops_corners, kennysheep_nondescript
D:3:      layout_basic, dk_noncrumbling_3

Skill      XL: |  1  2  3  4 |
---------------+-------------+-----
Fighting       | 1 2 |  2.5
Spellcasting   | 4 |  4.5
Conjurations   | 4 |  4.5
Hexes          | 4 |  4.5
Summonings     | 4 |  4.5
Necromancy     | 4 |  4.5
Translocations | 4 |  4.5
Fire Magic     | 4 |  4.5
Ice Magic      | 4 |  4.5
Air Magic      | 4 |  4.5
Earth Magic    | 4 |  4.5
Alchemy        | 4 |  4.5
Dodging        | |  2.1
Stealth        | |  1.5

Action                     |  1- 3 |  4- 6 || total
---------------------------+-------+-------++-------
  Melee: Dagger            |    32 |    30 ||    62
   Cast: Foxfire           |    18 |    28 ||    46
         Scorch            |     1 |     3 ||     4
         Mercury Vapours   |       |     3 ||     3
         Inner Flame       |       |     1 ||     1
    Use: Potion            |       |     1 ||     1
   Stab: Sleeping          |     6 |     3 ||     9
 Armour: Robe              |    21 |    13 ||    34
  Dodge: Dodged            |    21 |    21 ||    42

Table legend: (Time is in decaauts)
 A = Elapsed time spent in this place.
 B = Non-inter-level travel time spent in this place.
 C = Inter-level travel time spent in this place.
 D = Time resting spent in this place.
 E = Time spent auto-exploring this place.
 F = Levels seen in this place.
 G = Mean time per level.
                   A        B        C        D        E       F      G
               +--------+--------+--------+--------+--------+-----+--------+
         Total |   2550 |   2495 |     55 |      0 |   2116 |   3 |  850.0 |
       Dungeon |   2550 |   2495 |     55 |      0 |   2116 |   3 |  850.0 |
               +--------+--------+--------+--------+--------+-----+--------+

Top non-repeatable levels by time:
     D:2: 990 daAuts
     D:1: 891 daAuts
     D:3: 667 daAuts
